 Dungeon Crawl Stone Soup version 0.26-a0-466-g989023bd0d (webtiles) character file.

Game seed: 5417374587127211769

1953 Apogee the Cleaver (level 8, -12/74 HPs)
             Began as a Minotaur Warper on Aug 6, 2020.
             Was an Initiate of Gozag.
             Killed by divine providence
             ... invoked by an orc priest
              (14 damage)
             ... on level 7 of the Dungeon.
             The game lasted 00:08:10 (4674 turns).

Apogee the Cleaver (Minotaur Warper)                Turns: 4674, Time: 00:08:11

Health: -12/74     AC: 12    Str: 19    XL:     8   Next: 99%
Magic:  9/9        EV: 11    Int: 10    God:    Gozag
Gold:   299        SH:  4    Dex:  9    Spells: 6/9 levels left

rFire    . . .     SeeInvis .   a - +0 hand axe
rCold    . . .     Faith    .   w - +0 buckler
rNeg     . . .     Spirit   .   j - +0 ring mail
rPois    +         Reflect  .   (helmet restricted)
rElec    .         Harm     .   f - +0 cloak {rPois}
rCorr    .                      o - +0 pair of gloves
MR       .....                  C - +0 pair of boots {run}
Stlth    ..........             (no amulet)
HPRegen  0.22/turn              k - +4 ring of protection
MPRegen  0.11/turn              (no ring)

@: quick
A: retaliatory headbutt, claws 1, horns 2, talons 1, MP-powered wands
a: Potion Petition, Call Merchant, Bribe Branch, Renounce Religion


You were on level 7 of the Dungeon.
You worshipped Gozag.
Gozag was aware of your devotion.
You visited 2 branches of the dungeon, and saw 7 of its levels.

You collected 393 gold pieces.
You paid 94 gold pieces to Gozag.

Inventory:

Hand Weapons
 a - a +0 hand axe (weapon)
 x - a +0 war axe
   (You took it off an orc on level 5 of the Dungeon)
Missiles
 i - 8 boomerangs of dispersal (quivered) {!f}
Armour
 b - a +0 leather armour
 f - a +0 cloak of poison resistance (worn)
   (You found it on level 1 of the Dungeon)
 j - a +0 ring mail (worn)
   (You found it on level 1 of the Dungeon)
 l - a +0 tower shield
   (You found it on level 4 of the Dungeon)
 o - a +0 pair of gloves (worn)
   (You found it on level 3 of the Dungeon)
 w - a +0 buckler (worn)
   (You found it on level 4 of the Dungeon)
 C - a +0 pair of boots of running (worn)
   (You found it on level 7 of the Dungeon)
Jewellery
 c - an uncursed ring of fire
   (You found it on level 1 of the Dungeon)
 k - a +4 ring of protection (left hand)
   (You found it on level 2 of the Dungeon)
Wands
 n - a wand of polymorph (3)
   (You found it on level 3 of the Dungeon)
Scrolls
 d - 3 scrolls of blinking
 m - 2 scrolls of enchant armour {unknown}
 p - a scroll of teleportation {unknown}
 q - a scroll of random uselessness {unknown}
 r - 2 scrolls of remove curse {unknown}
 t - 2 scrolls of fog {unknown}
 y - a scroll of magic mapping {unknown}
 A - 2 scrolls of identify {@r1}
 D - 3 scrolls of amnesia {unknown}
 E - a scroll of silence {unknown}
Potions
 e - 3 potions of degeneration {!q}
 g - 2 potions of lignification {!q}
 h - 3 potions of curing {@q1}
 s - 4 potions of might
 u - a potion of mutation {!q}
 v - a potion of flight


   Skills:
 + Level 7.9 Fighting
 * Level 10.8 Axes
 - Level 1.0 Throwing
 - Level 1.2 Armour
 - Level 2.1 Dodging
 + Level 4.8 Shields
 - Level 1.3 Spellcasting
 - Level 2.1 Translocations


You had 6 spell levels left.
You knew the following spells:

 Your Spells              Type           Power        Failure   Level
b - Blink                 Tloc           N/A          34%         2
c - Apportation           Tloc           #.....       24%         1

Your spell library contained the following spells:

 Spells                   Type           Power        Failure   Level
 Animate Skeleton         Necr           #.....       50%         1
 Corona                   Hex            #......      50%         1
 Summon Small Mammal      Summ           #...         50%         1
 Gell's Gravitas          Tloc           #.........   56%         3
 Lesser Beckoning         Tloc           #.........   56%         3
 Teleport Other           Tloc           #.......     56%         3
 Passage of Golubria      Tloc           N/A          93%         4


Dungeon Overview and Level Annotations

Branches:
Dungeon (5/15)             Temple (1/1) D:5

Altars:
Ashenzari
Cheibriados
Elyvilon
Gozag
Hepliaklqana
Makhleb
Nemelex Xobeh
Okawaru
Qazlal
Ru
Trog
Wu Jian
Zin

Shops:
D:4 *


Innate Abilities, Weirdness & Mutations

You reflexively headbutt those who attack you in melee.
You have a pair of horns on your head.
You have sharp fingernails.
You have sharp toenails.
You expend magic power (3 MP) to strengthen your wands.


Message History

You hit the orc warrior but do no damage.
The phantom blinks!
You block the orc warrior's attack.
You barely miss the orc warrior.
Okay, then.
Aim: an orc warrior, wielding a +0 flail and wearing a +0 plate armour (heavily wounded, chance to defeat MR: 50%)
You feel a surge of power!
The orc warrior evaporates and reforms as a crocodile!
You block the crocodile's attack.
You hit the crocodile. The crocodile closely misses you.
Your ring mail prevents you from hitting the crocodile.
You hit the crocodile. Your headbutt misses the crocodile.
The crocodile closely misses you.
You slash the crocodile! Your headbutt misses the crocodile.
An orc comes into view. It is wielding a -3 mace.
The crocodile barely misses you.
You hit the crocodile. The crocodile barely misses you.
You hit the crocodile but do no damage. Your headbutt misses the crocodile.
You hit the crocodile.
You headbutt the crocodile, but do no damage.
The crocodile bites you!
* * * LOW HITPOINT WARNING * * *
You closely miss the crocodile. The crocodile bites you!
* * * LOW HITPOINT WARNING * * *
You closely miss the crocodile.
The crocodile bites you but does no damage.
You hit the crocodile but do no damage. You headbutt the crocodile.
You hit the crocodile. Your headbutt misses the crocodile.
The crocodile closely misses you.
You hit the crocodile but do no damage.
The crocodile bites you but does no damage.
You closely miss the crocodile.
The crocodile bites you but does no damage.
You completely miss the crocodile. Your headbutt misses the crocodile.
You barely miss the crocodile. The crocodile bites you!
* * * LOW HITPOINT WARNING * * *
You barely miss the crocodile. Your headbutt misses the crocodile.
You block the crocodile's attack.
The orc priest mumbles some strange prayers to Beogh against you.
Beogh smites you!
* * * LOW HITPOINT WARNING * * *
It was a potion of cancellation.
You feel magically purged. The crocodile closely misses you.
It was a potion of magic.
Magic courses through your body. The crocodile bites you.
* * * LOW HITPOINT WARNING * * *
The phantom blinks!
The orc priest mumbles some strange prayers to Beogh against you.
Beogh smites you!
You die...
Your body crumbles into a pile of gold.

#.........#.#.........#
#..###.#....##.......?#
...###.#..............#
.......#...#####......#
#####......##≈##......###.
##..#.###≈##o..........
##...# #≈##yoo...#####
#.#.# #≈##t##....#
#.########@###...#
#..##......# ...#
##.....#######...#
#####...........#
######### ### ≈≈≈≈ ###


You could see a crocodile, a killer bee, an orc priest and an orc.

Vanquished Creatures
  An orc sorcerer (D:7)
  Grinder (D:3)
  Eustachio (D:4)
  A water moccasin (D:5)
  2 ogres
  3 bullfrogs (D:7)
  3 scorpions
  4 killer bees (D:7)
  A centaur zombie (D:5)
  A bullfrog skeleton (D:5)
  An iguana (D:5)
  4 worker ants
  Natasha (thrice) (D:4)
  A hound skeleton (D:5)
  4 adders
  A shadow imp (D:5)
  A white imp (D:7)
  A worm (D:2)
  A dart slug (D:2)
  4 leopard geckos
  8 orcs (D:5)
  2 ball pythons
  7 bats
  6 giant cockroaches
  11 goblins
  6 hobgoblins
  4 jackals (D:3)
  A quokka (D:4)
  2 frilled lizards (D:1)
  A jackal zombie (D:7)
  6 kobolds
  5 rats
98 creatures vanquished.

Notes
Turn   | Place    | Note
-------+----------+-------------------------------------------
     0 | D:1      | Apogee the Minotaur Warper began the quest for the Orb.
     0 | D:1      | Reached XP level 1. HP: 18/18 MP: 1/1
   144 | D:1      | Reached skill level 3 in Axes
   266 | D:1      | Reached XP level 2. HP: 22/25 MP: 3/3
   777 | D:2      | Reached XP level 3. HP: 31/31 MP: 4/4
   785 | D:2      | Reached skill level 4 in Axes
   839 | D:2      | Found a bloodstained altar of Trog.
   883 | D:2      | Found a bloodstained altar of Trog.
  1519 | D:3      | Reached XP level 4. HP: 38/38 MP: 5/5
  1589 | D:3      | Noticed Grinder
  1595 | D:3      | Gained mutation: You expend magic power (3 MP) to
                  | strengthen your wands. [potion of mutation]
  1595 | D:3      | Gained mutation: You have sharp toenails. [potion of
                  | mutation]
  1595 | D:3      | Gained mutation: You have sharp fingernails. [potion of
                  | mutation]
  1618 | D:3      | Paralysed by Grinder for 5 turns
  1625 | D:3      | Killed Grinder
  1625 | D:3      | Reached skill level 6 in Axes
  1625 | D:3      | Reached XP level 5. HP: 8/47 MP: 6/6
  1625 | D:3      | Reached XP level 6. HP: 10/55 MP: 7/7
  1914 | D:3      | Found an ornate altar of the Wu Jian Council.
  2429 | D:3      | Learned a level 1 spell: Apportation
  2432 | D:3      | Learned a level 2 spell: Blink
  2608 | D:4      | Reached skill level 5 in Fighting
  2608 | D:4      | Reached skill level 7 in Axes
  2985 | D:4      | Noticed Natasha
  2992 | D:4      | Killed Natasha
  3058 | D:4      | Noticed Natasha
  3067 | D:4      | Killed Natasha
  3182 | D:4      | Noticed Natasha
  3188 | D:4      | Killed Natasha
  3188 | D:4      | Reached XP level 7. HP: 59/61 MP: 8/8
  3212 | D:4      | Found Xuacec's Assorted Antiques.
  3309 | D:4      | Noticed Eustachio
  3342 | D:4      | Killed Eustachio
  3342 | D:4      | Reached skill level 8 in Axes
  3602 | D:5      | Entered Level 5 of the Dungeon
  3607 | D:5      | Reached skill level 1 in Shields
  3628 | D:5      | Reached skill level 9 in Axes
  3828 | D:5      | Reached XP level 8. HP: 66/71 MP: 9/9
  4002 | D:5      | Found a staircase to the Ecumenical Temple.
  4010 | Temple   | Entered the Ecumenical Temple
  4045 | Temple   | Became a worshipper of Gozag Ym Sagoz the Greedy
  4118 | D:5      | You fall into a shaft and drop 2 floors!
  4118 | D:7      | Noticed an orc sorcerer
  4122 | D:7      | Paralysed by an orc sorcerer for 7 turns
  4142 | D:7      | Noticed a rust devil
  4143 | D:7      | Noticed an ice devil
  4147 | D:7      | HP: 2/106 [ice devil[an orc sorcerer] (5)]
  4148 | D:7      | Killed an orc sorcerer
  4148 | D:7      | Reached skill level 10 in Axes
  4236 | D:7      | Identified a +0 pair of boots of running (You found it on
                  | level 7 of the Dungeon)
  4672 | D:7      | HP: 3/74 [orc priest/divine providence (9)]
  4674 | D:7      | Killed from afar by an orc priest

Illustrated notes

Levels and vault maps discovered:
D:1:      enne_arrival_octagon_isle, layout_basic
D:2:      layout_rooms, nicolae_overflow_crystal_walls, bloody_trog
D:3:      layout_basic, lemuel_doored_altar, uniq_grinder
D:4:      minmay_inner_zag, layout_basic, serial_shops, shop, uniq_natasha,
          uniq_eustachio
D:5:      layout_rooms, minmay_temple_entry_trees, tgw_xom
D:7:      cheibrodos_wizards_tower, layout_rooms, serial_aquarium,
          aquarium_bridge_straight [aquarium_subvault_bridge,
          aquarium_subvault_wall, aquarium_subvault_bridge,
          aquarium_subvault_window], aquarium_window_fake, aquarium_window_2,
          aquarium_view_2c, aquarium_view_2d, aquarium_pool_double,
          grunt_qazlal_sundering
Temple:   regret_index_temple_waves

Skill      XL: |  1  2  3  4  5  6  7  8 |
---------------+-------------------------+-----
Axes           | 3 4 6 7 9 10 | 10.8
Fighting       | 3 4 5 6 7 |  7.9
Shields        | 2 4 |  4.8
Throwing       | |  1.0
Armour         | |  1.2
Dodging        | |  2.1
Spellcasting   | |  1.3
Translocations | |  2.1

Action                   |  1- 3 |  4- 6 |  7- 9 || total
-------------------------+-------+-------+-------++-------
Melee: Hand axe          |    91 |   105 |   179 ||   375
       Headbutt          |     7 |    14 |    21 ||    42
       Kick              |       |    16 |    29 ||    45
Invok: Potion Petition   |       |       |     1 ||     1
Evoke: Wand              |       |       |     1 ||     1
  Use: Scroll            |       |     3 |     2 ||     5
       Potion            |       |     1 |     3 ||     4
 Stab: Sleeping          |       |       |     2 ||     2
       Invisible         |       |       |     1 ||     1
Armor: Leather armour    |    11 |       |       ||    11
       Ring mail         |    18 |    44 |    55 ||   117
       Skin              |       |       |    11 ||    11
Dodge: Dodged            |    64 |    59 |    83 ||   206
Block: Buckler           |       |       |    18 ||    18

Table legend: (Time is in decaauts)
 A = Elapsed time spent in this place.
 B = Non-inter-level travel time spent in this place.
 C = Inter-level travel time spent in this place.
 D = Time resting spent in this place.
 E = Time spent auto-exploring this place.
 F = Levels seen in this place.
 G = Mean time per level.
                   A        B        C        D        E       F      G
               +--------+--------+--------+--------+--------+-----+--------+
         Total |   4645 |   4457 |    188 |    608 |   3069 |   7 |  663.6 |
       Dungeon |   4576 |   4420 |    156 |    608 |   3042 |   6 |  762.7 |
        Temple |     68 |     36 |     32 |      0 |     27 |   1 |   68.0 |
               +--------+--------+--------+--------+--------+-----+--------+

Top non-repeatable levels by time:
     D:4: 1138 daAuts
     D:3: 1020 daAuts
     D:1: 764 daAuts
     D:2: 681 daAuts
     D:7: 531 daAuts
     D:5: 438 daAuts
  Temple: 68 daAuts
